 Dungeon Crawl Stone Soup version 0.19-a0-1170-g18f0c96 (webtiles) character file.

292718 inmateoo the Stickfighter (level 21, -3/167 HPs)
             Began as a Formicid Fighter on Aug 16, 2016.
             Was the Champion of Okawaru.
             Killed by a malign offering
             ... invoked by a deep elf high priest
              (25 damage)
             ... on level 3 of the Elven Halls.
             The game lasted 01:19:41 (36907 turns).

inmateoo the Stickfighter (Formicid Fighter)       Turns: 36907, Time: 01:19:42

Health: -3/167     AC: 26    Str: 34    XL:     21   Next: 70%
Magic:  28/28      EV: 26    Int: 11    God:    Okawaru [******]
Gold:   2539       SH: 33    Dex: 15    Spells: 6 memorised, 18 levels left

rFire  + . .     SeeInvis +     i - +9 lajatang (flame)
rCold  + + .     Gourm    .     o - +5 scale mail of Grace {+Fly rCorr}
rNeg   . . .     Faith    .     K - +0 large shield
rPois  +         Spirit   .     (helmet unavailable)
rElec  .         Dismiss  .     P - +0 cloak {rPois}
rCorr  +         Reflect  +     x - +0 pair of gloves
MR     +++..     Harm     .     S - +1 pair of boots {Fly}
Stlth  +++.......               a - brooch of Shielding {Reflect SH+8}
                                d - ring "Ymielyz" {+Blink rF+ rC+ Str+3}
                                l - ring "Orihua" {rPois MR+ MP-9 Str+3 SInv}

@: agile, heroism, finesse, studying Armour
A: permanent stasis, dig shafts and tunnels, four strong arms, antennae 3,
hooves 1, icy blue scales 1, cold resistance 1, deterioration 1, regeneration 1,
shaggy fur 1
a: Dig, Shaft Self, Heroism, Finesse, Renounce Religion, Evoke Flight
}: 2/15 runes: decaying, serpentine


You were on level 3 of the Elven Halls.
You worshipped Okawaru.
Okawaru was exalted by your worship.
You were very hungry.

You visited 7 branches of the dungeon, and saw 35 of its levels.

You collected 4115 gold pieces.
You spent 1576 gold pieces at shops.

Inventory:

Hand Weapons
 i - a +9 lajatang of flaming (weapon)
 H - a +2 vampiric lajatang
Armour
 m - a +0 fire dragon armour
 o - the +5 scale mail of Grace (worn) {+Fly rCorr}
   (Okawaru gifted it to you on level 2 of the Elven Halls)

   It lets you fly.
   It protects you from acid and corrosion.
 x - a +0 pair of gloves (worn)
 K - a +0 large shield (worn)
 P - a +0 cloak of poison resistance (worn)
 S - a +1 pair of boots of flying (worn)
Jewellery
 a - the brooch of Shielding (around neck) {Reflect SH+8}
   (You found it on level 1 of the Elven Halls)

   [amulet of reflection]

   It shields you and reflects attacks.
   It affects your SH (+8).
 d - the ring "Ymielyz" (right hand) {+Blink rF+ rC+ Str+3}
   (You bought it in a shop on level 2 of the Orcish Mines)

   [ring of strength]

   It affects your strength (+3).
   It protects you from fire.
   It protects you from cold.
   It lets you blink.
 l - the ring "Orihua" (left hand) {rPois MR+ MP-9 Str+3 SInv}
   (You found it on level 1 of the Snake Pit)

   [ring of see invisible]

   It affects your strength (+3).
   It protects you from poison.
   It affects your resistance to hostile enchantments.
   It affects your magic capacity (-9).
   It lets you see invisible.
 w - an uncursed ring of protection from magic
Wands
 b - a wand of lightning (6/15)
 g - a wand of paralysis (6/24)
 p - a wand of digging (15/24)
 u - a wand of polymorph (18/24)
 B - a wand of acid (7/15)
 E - a wand of acid (3/15)
 M - a wand of iceblast (2/15)
 N - a wand of lightning (1/15)
 U - a wand of acid (13/15)
 V - a wand of iceblast (9/15)
 X - a wand of paralysis (14/24)
Scrolls
 c - 4 scrolls of enchant armour
 j - 7 scrolls of recharging
 n - 4 scrolls of fear
 r - 6 scrolls of magic mapping
 y - 2 scrolls of identify
 z - 2 scrolls of brand weapon
 A - a scroll of holy word
 D - 5 scrolls of amnesia
 I - 6 scrolls of remove curse
 Q - 4 scrolls of fog
Potions
 e - 6 potions of curing
 h - 3 potions of magic
 t - 6 potions of cancellation
 v - 2 potions of might
 C - 2 potions of cure mutation
 G - 2 potions of ambrosia
 L - a potion of agility
 O - 2 potions of brilliance
 W - 6 potions of resistance
Books
 T - a manual of Armour
Comestibles
 f - 24 bread rations
 k - 8 meat rations


   Skills:
 + Level 14.8(19.8) Fighting
 * Level 17.8(22.8) Staves
 + Level 16.8(21.8) Armour
 + Level 9.6(14.6) Dodging
 + Level 15.5(20.5) Shields
 + Level 12.0 Spellcasting
 - Level 4.4 Charms
 - Level 4.2 Necromancy
 - Level 1.5 Translocations
 + Level 13.3 Earth Magic
 - Level 13.0 Invocations


You had 18 spell levels left.
You knew the following spells:

 Your Spells              Type           Power        Failure   Level  Hunger
a - Passwall              Tmut/Erth      ###.......   1%          2    None
b - Apportation           Tloc           #.........   10%         1    None
c - Lee's Rapid Deconstr  Erth           #####.....   1%          5    #####..
d - Deflect Missiles      Chrm/Air       ##........   100%        6    ######.
e - Tornado               Air            #.........   100%        9    #######
f - Regeneration          Chrm/Necr      ###.......   10%         3    #......


Dungeon Overview and Level Annotations

Branches:
Dungeon (15/15)            Temple (1/1) D:6            Lair (6/6) D:9
  Swamp (4/4) Lair:3        Snake (4/4) Lair:2        Slime (0/5) Lair:5
    Orc (2/2) D:12            Elf (3/3) Orc:2        Vaults (0/5) D:14
 Depths (0/5) D:15

Altars:
Ashenzari
Cheibriados
Dithmenos
Elyvilon
Fedhas
Gozag
Hepliaklqana
Kikubaaqudgha
Makhleb
Nemelex Xobeh
Okawaru
Pakellas
Qazlal
Ru
Sif Muna
Trog
Uskayaw
Vehumet
Xom
Yredelemnul
Zin
The Shining One
Beogh

Shops:
D:5 }   D:9 *   Orc:2 ***=   Elf:3 %


Innate Abilities, Weirdness & Mutations

You are under a permanent stasis effect.
You can dig through walls and to a lower floor.
Your four strong arms can wield two-handed weapons with a shield.
You have a pair of large antennae on your head. (SInv)
You have large cloven feet.
You are partially covered in icy blue scales. (AC +2)
Your flesh is cold resistant. (rC+)
Your body sometimes deteriorates upon taking damage.
Your natural rate of healing is unusually fast.
You are covered in fur. (AC +1)


Message History

Unknown command.
You closely miss the deep elf high priest.
The deep elf high priest is moderately wounded.
The deep elf mage casts a spell.
The deep elf mage blinks!
The deep elf mage gestures wildly while chanting.
The deep elf mage blinks!
You block the fire elemental's attack.
Unknown command.
Unknown command.
You miss the deep elf high priest.
The deep elf high priest is moderately wounded.
Unknown command.
Unknown command.
You hit the deep elf high priest. You burn the deep elf high priest.
The deep elf high priest is heavily wounded.
You block the fire elemental's attack.
The deep elf mage is empowered by the deep elf high priest's aura!
The deep elf high priest utters a dark prayer and points at you.
Your life force is offered up.
You die...

,,,,,,,,,,,,,,,,,,,,,,,,,,,,,,,*#
,,,,,,,,,................,,,,,{*#
,,,,,,,,,§...............,,,,,**#
,,,,,,,....e.#...........,,,,** #
,,,,,,.....§###..........,,,{*
,,,,,,.......#...e.......,,,,**
,,,,,,...................,,,,,**
,,,,,,§.......Ye§x)......,,,,,{*
,,,,,,........Ye@e)......,,,,,,*
,,,,,e**#.....xEE.###....,,,,,{*
,,,,*** *##..eeX### ***,.,,,,,**
,,*** ###)### ***,,,*** *** #)#.#
***** #[#.# #.#.# #)#.# #|#.#


You could see 2 deep elf annihilators, 2 deep elf high priests, a large
abomination, 3 deep elf magi, 2 fire elementals, 2 ice beasts and 2 crawling
corpses.

Vanquished Creatures
  the Lernaean hydra (Swamp:4)
  Jorgrun (Elf:3)
  4 deep elf blademasters
  The ghost of braks the Earth Mage, an adept GrEE of Vehumet (Snake:4)
  Asterion (Elf:2)
  A deep elf master archer (Elf:3)
  Roxanne (Snake:1)
  Agnes (Snake:2)
  Donald (Swamp:1)
  11 greater nagas
  4 thorn hunters
  Aizul (Elf:2)
  3 orc warlords (Orc:1)
  2 deep elf elementalists (Elf:3)
  6 deep elf sorcerers
  A stone giant (Orc:1)
  3 deep elf demonologists
  3 deep elf annihilators
  A vampire knight (D:13)
  An ettin (Orc:1)
  A fire dragon (D:15)
  2 deep elf death magi
  Josephine (Lair:6)
  2 deep elf high priests (Elf:1)
  An ice dragon (D:15)
  21 hydras
  10 naga warriors
  A great orb of eyes (D:14)
  The ghost of sergedm the Eclecticist, a journeyman DECj of Vehumet (D:13)
  3 ghost crabs
  3 centaur warriors
  15 anacondas
  A tengu warrior (D:14)
  25 dancing weapons
  4 catoblepae
  A death knight (D:13)
  25 death yaks
  A vampire mage (D:13)
  11 alligators
  A deep troll earth mage (D:10)
  4 orc high priests
  17 deep elf knights
  9 naga sharpshooters
  9 shock serpents
  Nergalle (Lair:1)
  A small abomination (Elf:1)
  3 salamander mystics (Snake:4)
  An unseen horror (D:13)
  7 naga ritualists
  9 swamp dragons
  11 deep elf archers
  An obsidian statue (D:15)
  2 spriggan druids
  5 shambling mangroves
  A phantasmal warrior (D:13)
  3 hill giants
  An oklob plant (Swamp:2)
  A wolf spider zombie (D:15)
  8 orc knights
  2 hornets (Swamp:1)
  45 deep elf magi
  5 orc sorcerers
  2 griffons
  12 ugly things
  A manticore (D:15)
  A hornet (shapeshifter) (Elf:2)
  5 mana vipers
  11 salamanders
  2 cyclopes
  A manticore (shapeshifter) (D:13)
  3 elephants (Lair:6)
  The ghost of inmateoo the Chiller, a novice OpIE (D:5)
  13 guardian serpents
  Joseph (D:7)
  26 naga magi
  38 black mambas
  17 spiny frogs
  A torpor snail (Lair:4)
  A gargoyle (D:12)
  6 komodo dragons
  A yaktaur (shapeshifter) (D:14)
  A rime drake (Lair:4)
  A rime drake (shapeshifter) (D:15)
  A yaktaur (D:15)
  2 kobold demonologists (D:13)
  6 trolls
  7 giant leeches
  Grinder (D:4)
  2 boulder beetles (Lair:6)
  5 two-headed ogres
  21 slime creatures
  10 blink frogs
  2 bog bodies (Swamp:2)
  A meliai zombie (D:12)
  32 flying skulls (D:13)
  2 air elementals
  A wyvern (D:14)
  8 spriggans
  4 water elementals
  9 vampires
  10 wraiths
  A shadow (D:14)
  39 yaks
  A basilisk (shapeshifter) (Elf:3)
  5 fire bats (Lair:5)
  5 basilisks
  4 fire elementals
  2 hippogriffs
  Eustachio (D:6)
  3 hungry ghosts
  A steam dragon (D:10)
  13 vampire mosquitoes
  17 swamp worms
  19 insubstantial wisps
  54 nagas
  A mottled dragon (D:15)
  A soldier ant (D:12)
  4 wargs (Orc:1)
  26 water moccasins
  The ghost of slayr the Sneak, an amateur SpAs of Dithmenos (D:3)
  6 porcupines
  8 swamp drakes
  31 orc warriors
  4 ice beasts
  3 eyes of draining
  17 wasps
  2 black bears
  An eye of draining (shapeshifter) (Elf:3)
  5 phantoms
  14 wolves
  A necrophage (D:11)
  9 centaurs
  10 ogres
  2 big kobolds
  12 crocodiles
  A wyvern zombie (D:10)
  19 giant frogs
  A gnoll sergeant (D:6)
  5 jellies
  18 killer bees
  An oklob sapling (Swamp:2)
  14 wights
  2 howler monkeys
  2 electric eels (Lair:5)
  10 crimson imps
  A giant frog zombie (D:9)
  7 human zombies (D:13)
  A quasit (D:10)
  9 orc priests
  8 centaur skeletons
  4 hounds
  A centaur zombie (D:11)
  Crazy Yiuf (D:2)
  14 orc wizards
  2 giant frog skeletons
  10 iguanas
  15 worker ants
  8 sheep
  2 killer bee zombies (D:7)
  2 hound skeletons (D:5)
  A worker ant zombie (D:6)
  A howler monkey skeleton (D:4)
  21 adders
  9 gnolls
  35 river rats
  5 shadow imps
  An ooze (shapeshifter) (Elf:1)
  3 adder zombies (D:7)
  7 worms
  3 dart slugs
  5 giant geckos
  90 orcs
  3 ball pythons
  8 giant cockroaches
  5 hobgoblins
  13 jackals
  6 quokkas
  7 bats
  2 giant gecko skeletons
  A giant gecko zombie (D:5)
  2 giant newts
  9 goblins
  A jackal zombie (D:8)
  14 kobolds
  A quokka skeleton (D:8)
  A quokka zombie (D:7)
  8 rats
1336 creatures vanquished.

Vanquished Creatures (collateral kills)
  A naga warrior (Snake:4)
  4 anacondas (Snake:4)
  A naga sharpshooter (Snake:4)
  A mana viper (Snake:4)
  A naga mage (Snake:4)
  3 guardian serpents (Snake:4)
  A naga (Snake:4)
  A black bear (D:10)
13 creatures vanquished.

Vanquished Creatures (others)
  A deep elf knight (Elf:1)
  2 deep elf archers
  A deep elf mage (Elf:2)
  A cyclops (D:15)
  An air elemental (Elf:2)
  2 centaurs (D:12)
  2 orcs
  A kobold (D:13)
  3 briar patches (Swamp:4)
  A fulminant prism (D:13)
  28 fungi
  16 plants
59 creatures vanquished.

Grand Total: 1408 creatures vanquished

Notes
Turn   | Place    | Note
-------+----------+-------------------------------------------
     0 | D:1      | inmateoo the Formicid Fighter began the quest for the Orb.
     0 | D:1      | Reached XP level 1. HP: 18/18 MP: 1/1
   179 | D:1      | Reached XP level 2. HP: 22/24 MP: 2/2
   627 | D:2      | Reached XP level 3. HP: 30/30 MP: 3/3
  1013 | D:2      | Reached XP level 4. HP: 32/37 MP: 4/4
  1339 | D:2      | Reached skill level 3 in Staves
  1346 | D:2      | Found a runed door.
  1351 | D:2      | Noticed Crazy Yiuf
  1356 | D:2      | Killed Crazy Yiuf
  1558 | D:2      | Reached XP level 5. HP: 37/42 MP: 5/5
  1839 | D:2      | Found an ancient bone altar of Kikubaaqudgha.
  1880 | D:3      | Noticed slayr's ghost (amateur SpAs)
  1890 | D:3      | Killed slayr's ghost
  1890 | D:3      | Reached XP level 6. HP: 42/49 MP: 6/6
  1899 | D:3      | Reached skill level 4 in Staves
  2244 | D:3      | Found a sparkling altar of Nemelex Xobeh.
  2321 | D:4      | Noticed Grinder
  2331 | D:4      | Killed Grinder
  2331 | D:4      | Reached skill level 5 in Fighting
  2331 | D:4      | Reached skill level 5 in Shields
  2331 | D:4      | Reached XP level 7. HP: 42/56 MP: 7/7
  2764 | D:4      | Reached skill level 5 in Staves
  2795 | D:4      | Reached skill level 5 in Armour
  3227 | D:5      | Entered Level 5 of the Dungeon
  3232 | D:5      | Noticed inmateoo's ghost (novice OpIE)
  3250 | D:4      | Reached XP level 8. HP: 50/63 MP: 8/8
  3480 | D:5      | Found a snail-covered altar of Cheibriados.
  3515 | D:5      | Found Exatusch's Gadget Emporium.
  3597 | D:5      | Killed inmateoo's ghost
  3597 | D:5      | Reached skill level 6 in Staves
  3925 | D:5      | Found a shattered altar of Ashenzari.
  4066 | D:5      | Found a glowing silver altar of Zin.
  4254 | D:5      | Found a hide-covered altar of Uskayaw.
  4278 | D:6      | Found a burning altar of Makhleb.
  4281 | D:6      | Found a sacrificial altar of Ru.
  4300 | D:6      | Reached XP level 9. HP: 68/69 MP: 9/9
  4308 | D:6      | Reached skill level 7 in Staves
  4536 | D:6      | Found a staircase to the Ecumenical Temple.
  4559 | Temple   | Entered the Ecumenical Temple
  4570 | Temple   | Became a worshipper of Warmaster Okawaru
  4776 | D:6      | Noticed Eustachio
  4789 | D:6      | Killed Eustachio
  4854 | D:6      | Reached skill level 8 in Staves
  5673 | D:7      | Noticed Joseph
  5691 | D:7      | Killed Joseph
  5691 | D:7      | Reached * piety under Okawaru
  5872 | D:7      | Reached XP level 10. HP: 62/79 MP: 10/10
  5948 | D:7      | Found a hazy altar of Hepliaklqana.
  6128 | D:8      | Reached skill level 1 in Invocations
  6575 | D:8      | Reached skill level 9 in Staves
  6848 | D:8      | Reached ** piety under Okawaru
  7424 | D:9      | Learned a level 2 spell: Passwall
  7460 | D:9      | Found a basalt altar of Yredelemnul.
  7480 | D:9      | Found an opulent altar of Gozag.
  7546 | D:9      | Found Gozag's Platinum Reserve.
  7567 | D:9      | Found a staircase to the Lair.
  7667 | D:9      | Found a white marble altar of Elyvilon.
  8006 | D:9      | Noticed a komodo dragon
  8026 | D:9      | Killed a komodo dragon
  8026 | D:9      | Reached skill level 1 in Spellcasting
  8268 | D:9      | Reached skill level 1 in Earth Magic
  8360 | D:10     | Entered Level 10 of the Dungeon
  8368 | D:10     | Reached *** piety under Okawaru
  8384 | D:10     | Reached XP level 11. HP: 58/87 MP: 13/13
  8400 | D:10     | Reached skill level 10 in Staves
  9356 | D:10     | Gained mutation: Your body sometimes deteriorates upon taking damage. [potion of mutation]
  9356 | D:10     | Gained mutation: You are covered in fur. (AC +1) [potion of mutation]
  9356 | D:10     | Gained mutation: You have large cloven feet. [potion of mutation]
  9556 | D:10     | Reached **** piety under Okawaru
  9716 | D:10     | Learned a level 1 spell: Apportation
  9722 | D:10     | Learned a level 5 spell: Lee's Rapid Deconstruction
  9813 | D:10     | Noticed a deep troll earth mage
  9820 | D:10     | Killed a deep troll earth mage
  9831 | D:10     | Noticed a hill giant
  9841 | D:10     | Killed a hill giant
  9888 | D:10     | Received a gift from Okawaru
  9928 | D:10     | Identified 2 scrolls of acquirement
  9931 | D:10     | Got a brightly glowing lajatang
  9934 | D:10     | Identified the +1 lajatang "Toth" {freeze, rN++ MR+ Stlth+} (You acquired it on level 10 of the Dungeon)
 11221 | D:11     | Reached ***** piety under Okawaru
 11360 | D:12     | Reached skill level 11 in Staves
 11658 | D:11     | Reached XP level 12. HP: 63/95 MP: 4/17
 11755 | D:11     | Reached skill level 5 in Invocations
 11902 | D:12     | Found a roughly hewn altar of Beogh.
 12104 | D:12     | Found a staircase to the Orcish Mines.
 12183 | D:12     | Reached skill level 10 in Shields
 12307 | D:12     | Noticed a centaur warrior
 12319 | D:12     | Killed a centaur warrior
 12334 | D:12     | Gained mutation: You are partially covered in icy blue scales. (AC +2) [mutagenic meat]
 12337 | D:12     | Gained mutation: Your muscles are strong. (Str +2) [mutagenic meat]
 12340 | D:12     | Gained mutation: Your flesh is cold resistant. (rC+) [mutagenic meat]
 12358 | D:12     | Noticed a seven-headed hydra
 12397 | D:13     | Noticed a centaur warrior
 12398 | D:13     | Reached skill level 5 in Earth Magic
 12420 | D:13     | Killed a centaur warrior
 12420 | D:13     | Reached ****** piety under Okawaru
 12420 | D:13     | Received a gift from Okawaru
 12828 | D:13     | Noticed an unseen horror
 12849 | D:13     | Killed an unseen horror
 12960 | D:13     | Noticed sergedm's ghost (journeyman DECj)
 13050 | D:13     | Reached XP level 13. HP: 30/103 MP: 15/20
 13099 | D:13     | Reached skill level 12 in Staves
 13099 | D:13     | Reached skill level 5 in Spellcasting
 13395 | D:13     | Reached skill level 10 in Fighting
 13423 | D:13     | Killed sergedm's ghost
 13643 | D:13     | Noticed a vampire knight
 13675 | D:13     | Killed a vampire knight
 13928 | D:13     | Received a gift from Okawaru
 14017 | D:13     | Noticed a catoblepas
 14042 | D:13     | Killed a catoblepas
 14053 | D:13     | Reached skill level 10 in Armour
 14541 | D:13     | Found an ancient bone altar of Kikubaaqudgha.
 14635 | D:13     | Reached skill level 1 in Dodging
 14671 | D:13     | Gained mutation: Your natural rate of healing is unusually fast. [potion of beneficial mutation]
 15198 | D:14     | Reached XP level 14. HP: 78/111 MP: 21/23
 15210 | D:14     | Received a gift from Okawaru
 15213 | D:14     | Got a translucent cloak {god gift}
 15224 | D:14     | Identified the +2 cloak of the Three Beggars {-Cast +Blink rPois rN+} (Okawaru gifted it to you on level 14 of the Dungeon)
 15241 | D:14     | Found a gate to the Vaults.
 15617 | D:15     | Entered Level 15 of the Dungeon
 15848 | D:15     | Reached skill level 13 in Staves
 15860 | D:15     | Found a staircase to the Depths.
 17266 | Lair:1   | Entered Level 1 of the Lair of Beasts
 17668 | Lair:1   | Noticed Nergalle
 17675 | Lair:1   | Killed Nergalle
 17675 | Lair:1   | Received a gift from Okawaru
 18369 | Lair:2   | Found a staircase to the Snake Pit.
 18468 | Lair:2   | Reached XP level 15. HP: 58/119 MP: 25/25
 19338 | Lair:3   | Found a staircase to the Swamp.
 21100 | Lair:5   | Found a staircase to the Slime Pits.
 21130 | Lair:5   | Received a gift from Okawaru
 21503 | Lair:5   | Found an opulent altar of Gozag.
 21783 | Lair:6   | Entered Level 6 of the Lair of Beasts
 21804 | Lair:6   | Reached skill level 14 in Staves
 21970 | Lair:6   | Reached skill level 10 in Invocations
 22018 | Lair:6   | Noticed Josephine
 22035 | Lair:6   | Killed Josephine
 22040 | Lair:6   | Received a gift from Okawaru
 22123 | Lair:6   | Reached XP level 16. HP: 126/127 MP: 28/28
 22643 | Lair:6   | Reached skill level 5 in Dodging
 22787 | Lair:6   | Learned a level 6 spell: Deflect Missiles
 22797 | Lair:6   | Learned a level 9 spell: Tornado
 23209 | Orc:1    | Entered Level 1 of the Orcish Mines
 23984 | Orc:2    | Entered Level 2 of the Orcish Mines
 24154 | Orc:2    | Received a gift from Okawaru
 24219 | Orc:2    | Found a staircase to the Elven Halls.
 24613 | Orc:2    | Found Geonkata's Jewellery Emporium.
 24613 | Orc:2    | Found Allumeha's Assorted Antiques.
 24615 | Orc:2    | Found Jyalec's Assorted Antiques.
 24615 | Orc:2    | Found Iczakhiq's General Store.
 24621 | Orc:2    | Bought the ring "Ymielyz" {+Blink rF+ rC+ Str+3} for 568 gold pieces
 24629 | Orc:2    | Bought a scroll of recharging for 323 gold pieces
 24629 | Orc:2    | Bought a scroll of magic mapping for 119 gold pieces
 24629 | Orc:2    | Bought a potion of curing for 102 gold pieces
 24630 | Orc:2    | Bought a scroll of enchant armour for 120 gold pieces
 24630 | Orc:2    | Bought a scroll of summoning for 152 gold pieces
 24630 | Orc:2    | Bought a potion of cancellation for 128 gold pieces
 24632 | Orc:2    | Bought a scroll of identify for 64 gold pieces
 24928 | Swamp:1  | Entered Level 1 of the Swamp
 25003 | Swamp:1  | Reached skill level 10 in Earth Magic
 25020 | Swamp:1  | Reached skill level 15 in Staves
 25108 | Swamp:1  | Noticed Donald
 25131 | Swamp:1  | Killed Donald
 25131 | Swamp:1  | Received a gift from Okawaru
 25131 | Swamp:1  | Reached XP level 17. HP: 115/135 MP: 28/30
 25830 | Swamp:2  | Noticed a thorn hunter
 25833 | Swamp:2  | Noticed a thorn hunter
 25841 | Swamp:2  | Killed a thorn hunter
 25850 | Swamp:2  | Killed a thorn hunter
 27213 | Swamp:3  | Received a gift from Okawaru
 27393 | Swamp:4  | Entered Level 4 of the Swamp
 27529 | Swamp:4  | Noticed a thorn hunter
 27546 | Swamp:4  | Killed a thorn hunter
 27723 | Swamp:4  | Noticed a thorn hunter
 27737 | Swamp:4  | Killed a thorn hunter
 27810 | Swamp:4  | Reached XP level 18. HP: 123/142 MP: 28/31
 28063 | Swamp:4  | Noticed the 27-headed Lernaean hydra
 28076 | Swamp:4  | Killed the 22-headed Lernaean hydra
 28082 | Swamp:4  | Reached skill level 10 in Spellcasting
 28175 | Swamp:4  | Got a decaying rune of Zot
 28645 | Snake:1  | Entered Level 1 of the Snake Pit
 28729 | Snake:1  | Got a serpentine amber ring
 28808 | Snake:1  | Noticed Roxanne
 28844 | Snake:1  | Killed Roxanne
 28845 | Snake:1  | Identified Roxanne's Catalogue of Clay (You took it off Roxanne on level 1 of the Snake Pit)
 28991 | Snake:1  | Received a gift from Okawaru
 29238 | Snake:1  | Reached skill level 16 in Staves
 29431 | Snake:2  | Noticed Agnes
 29442 | Snake:2  | Killed Agnes
 29448 | Snake:2  | Identified the ring "Orihua" {rPois MR+ MP-9 Str+3 SInv} (You found it on level 1 of the Snake Pit)
 30279 | Snake:3  | Reached XP level 19. HP: 150/150 MP: 24/33
 30428 | Snake:3  | Received a gift from Okawaru
 30620 | Snake:3  | Reached skill level 15 in Armour
 30767 | Snake:4  | Entered Level 4 of the Snake Pit
 30767 | Snake:4  | Noticed braks's ghost (adept GrEE)
 30844 | Snake:4  | Learned a level 3 spell: Regeneration
 31201 | Snake:4  | Reached skill level 1 in Necromancy
 31266 | Snake:4  | Reached skill level 1 in Charms
 31861 | Snake:4  | Killed braks's ghost
 32147 | Snake:4  | Received a gift from Okawaru
 32377 | Snake:4  | Reached XP level 20. HP: 122/158 MP: 26/35
 32671 | Snake:4  | Received a gift from Okawaru
 32810 | Snake:4  | Got a serpentine rune of Zot
 33326 | Elf:1    | Entered Level 1 of the Elven Halls
 33552 | Elf:1    | Reached skill level 17 in Staves
 33915 | Elf:1    | Reached skill level 15 in Shields
 35060 | Elf:2    | Received a gift from Okawaru
 35064 | Elf:2    | Found a runed gate.
 35064 | Elf:2    | Found a runed gate.
 35067 | Elf:2    | Got a dazzling scale mail {god gift}
 35069 | Elf:2    | Identified the +5 scale mail of Grace {+Fly rCorr} (Okawaru gifted it to you on level 2 of the Elven Halls)
 35133 | Elf:2    | Reached skill level 1 in Translocations
 35330 | Elf:2    | Found a runed gate.
 35416 | Elf:2    | Noticed Asterion
 35426 | Elf:2    | Lost mutation: Your muscles are strong. (Str +2) [a cacodemon]
 35448 | Elf:2    | Killed Asterion
 35495 | Elf:2    | Reached XP level 21. HP: 101/166 MP: 27/36
 35675 | Elf:2    | Noticed Aizul
 35693 | Elf:2    | Killed Aizul
 36230 | Elf:3    | Entered Level 3 of the Elven Halls
 36458 | Elf:3    | Found Puosut's Food Shoppe.
 36794 | Elf:3    | Noticed Jorgrun
 36811 | Elf:3    | Killed Jorgrun
 36839 | Elf:3    | Received a gift from Okawaru
 36907 | Elf:3    | Killed from afar by a deep elf high priest

Vault maps used:
D:1:      dpeg_arrival_tiny_a, due_unseen_surprise
D:2:      lemuel_upstairs_altar, uniq_crazy_yiuf_cottage
D:3:      nemelex_altar_shiori
D:4:      wad_river_or_something, first_bread, minivault_11, uniq_grinder
D:5:      marbit_many_paths, nicolae_ashenzari_panopticon,
          overflow_temple_1_default, serial_shops, nicolae_shop_waterfront,
          cheibriados_altar_1
D:6:      grunt_temple_overflow_open, columned_hall_lemuel, kennysheep_doodads,
          uniq_eustachio
D:7:      kennysheep_little_box, uniq_joseph
D:8:      the_bakery
D:9:      kennysheep_ying_yang, nicolae_gozag_zags_fifth_avenue,
          david_lair_shrubbed
D:10:     evilmike_minifort
D:11:     nooodl_food_tri
D:12:     david_orc_5
D:13:     lemuel_vampire_tower
D:14:     erik_vaults_1, minmay_misc_feat_four_crosses
D:15:     grunt_enter_depths_hoard, minivault_16, spider_trap, st_stairs_8
Temple:   nicolae_temple_no_exploring_needed
Lair:1:   grunt_megastairs_5, lemuel_fruit_fields, uniq_nergalle
Lair:2:   minmay_snake_entry_six_corridors, st_stairs_13, grunt_megastairs_4
Lair:3:   swamp_mist_pool
Lair:4:   grunt_forest_stairs_basic
Lair:5:   minmay_slime_entry_pillars, basic_altar, serial_bayou_crossing,
          serial_bayou_shore_a
Lair:6:   evilmike_catoblepas_cave, kennysheep_basilisk_garden, uniq_josephine
Swamp:1:  serial_swamp_ruin, evilmike_swamp_ruin_house_4,
          evilmike_swamp_ruin_house_5, uniq_donald
Swamp:2:  nicolae_swamp_phyte_club, infiniplex_staircase_pool
Swamp:3:  evilmike_swamp_ruin_rubble_2
Swamp:4:  swamp_old_school
Snake:1:  uniq_roxanne
Snake:2:  minmay_snake_pond, uniq_agnes
Snake:4:  grunt_snake_rune_serpentine_throne
Orc:1:    minmay_orc_treasury
Orc:2:    grunt_orc_tribal_feast
Elf:1:    eino_elf_arrival_shootout, orc_legates, hangedman_elven_ridges,
          kilobyte_mutagenic_chamber
Elf:2:    basic_stair_grate_trap, uniq_asterion, uniq_aizul
Elf:3:    minmay_elf_hall, serial_shops, nicolae_shop_stone, library_closet,
          uniq_jorgrun

Skill      XL: |  1  2  3  4  5  6  7  8  9 10 11 12 13 14 15 16 17 18 19 20 21 |
---------------+----------------------------------------------------------------+-----
Fighting       | 4 5 6 7 8 9 10 11 12 13 14 | 14.8
Shields        | 4 5 6 7 8 9 10 11 12 13 14 15 | 15.5
Staves         | 3 4 5 6 8 9 11 12 13 14 15 16 17 | 17.8
Armour         | 4 5 6 7 8 9 10 11 12 13 14 15 16 | 16.8
Invocations    | 3 4 6 7 9 10 11 12 13 | 13.0
Spellcasting   | 1 3 4 6 7 8 9 10 11 12 | 12.0
Earth Magic    | 1 4 5 7 8 9 10 11 12 13 | 13.3
Dodging        | 2 3 4 5 7 8 9 |  9.6
Necromancy     | 2 4 |  4.2
Charms         | 2 4 |  4.4
Translocations | 1 |  1.5

Action                   |  1- 3 |  4- 6 |  7- 9 | 10-12 | 13-15 | 16-18 | 19-21 || total
-------------------------+-------+-------+-------+-------+-------+-------+-------++-------
Melee: Quarterstaff      |   124 |   114 |   340 |   413 |       |       |       ||   991
       Lajatang          |       |       |       |   412 |  1100 |  1346 |  1121 ||  3979
       Dire flail        |       |       |       |       |    41 |       |       ||    41
 Cast: Lee's Rapid Decon |       |       |       |       |       |     6 |    13 ||    19
       Regeneration      |       |       |       |       |       |       |     2 ||     2
Invok: Heroism           |       |       |       |     3 |     5 |     6 |     5 ||    19
       Finesse           |       |       |       |     1 |       |     2 |     2 ||     5
 Abil: Dig               |     2 |     2 |     1 |     6 |    10 |     4 |    16 ||    41
       Stop Flying       |       |       |       |       |       |     1 |       ||     1
Evoke: Wand              |       |       |       |     6 |     1 |     1 |       ||     8
  Use: Potion            |       |     1 |     3 |     4 |     1 |     1 |    10 ||    20
       Scroll            |       |       |    14 |     6 |    16 |    11 |    10 ||    57
 Stab: Petrified         |       |       |     8 |       |     1 |       |       ||     9
       Paralysed         |       |       |       |     8 |       |       |       ||     8
       Confused          |       |       |       |     2 |       |     3 |       ||     5
       Distracted        |       |       |       |       |     1 |       |     1 ||     2
  Eat: Chunk             |       |     5 |    12 |    23 |     6 |     6 |     2 ||    54
       Pizza             |       |       |       |     2 |     1 |     2 |     1 ||     6
       Fruit             |       |       |       |     2 |     6 |    11 |     5 ||    24
       Beef jerky        |       |       |       |     1 |     6 |     2 |     1 ||    10
       Meat ration       |       |       |       |       |     2 |     2 |     3 ||     7
       Royal jelly       |       |       |       |       |       |     1 |       ||     1
Armor: Scale mail        |    49 |    30 |    85 |   236 |    28 |       |    41 ||   469
       Plate armour      |       |       |       |       |   334 |   329 |   196 ||   859
Dodge: Dodged            |    26 |    22 |    85 |   208 |   185 |   177 |   221 ||   924
Block: Shield            |    62 |    47 |   138 |   486 |   724 |   178 |       ||  1635
       Reflection        |       |       |       |    14 |    14 |    36 |   132 ||   196
       Large shield      |       |       |       |       |       |   985 |  1199 ||  2184
